 Dungeon Crawl Stone Soup version 0.29.1-15-g9cfb28693d (webtiles) character file.

Game seed: 328534389846487614

15591 backslashecho the Severer (level 12, -10/85 HPs)
             Began as a Hill Orc Fighter on May 22, 2023.
             Was a High Priest of Elyvilon.
             Collided with a crystal wall (12 damage)
             ... caused by a wretched star
             ... on level 1 of the Abyss on May 28, 2023.
             The game lasted 00:30:48 (14818 turns).

backslashecho the Severer (Hill Orc Fighter)       Turns: 14818, Time: 00:30:49

Health: -10/85     AC: 20    Str: 23 (24) XL:     12   Next: 28%
Magic:  19/19      EV:  7    Int:  8      God:    Elyvilon [*****.]
Gold:   684        SH:  5    Dex:  5 (6)  Spells: 11/11 levels left

rFire   . . .      SeeInvis +   a - +2 war axe
rCold   . . .      Faith    .   c - +0 buckler
rNeg    . . .      Spirit   .   j - +0 plate armour
rPois   +          Reflect  .   i - +1 helmet of Koxkar {rElec rPois Str-2 SInv}
rElec   +          Harm     .   (no cloak)
rCorr   .          Rampage  .   g - +1 pair of gloves
Will    .....                   s - +0 pair of boots
Stlth   ..........              (no amulet)
HPRegen 0.00/turn               n - +6 ring of strength
MPRegen 0.16/turn               u - +4 ring of slaying

@: inhibited regen, unable to drink
A: [clumsy 2], [deterioration 2], [frail 2], [inhibited regeneration],
([teleportitis 2]), [weak 2], [inability to drink after injury 1]
a: Renounce Religion, Purification, Heal Other, Heal Self, Divine Vigour


You were on level 1 of the Abyss.
You worshipped Elyvilon.
Elyvilon was extremely pleased with you.
You visited 1 branch of the dungeon, and saw 11 of its levels.
You visited the Abyss 1 time.

You collected 749 gold pieces.
You spent 65 gold pieces at shops.

Inventory:

Hand Weapons
 a - a +2 war axe (weapon)
Missiles
 l - 3 silver javelins
 q - 66 poisoned darts (quivered)
 F - 6 curare-tipped darts
Armour
 c - a +0 buckler (worn)
 g - a +1 pair of gloves (worn)
 i - the +1 helmet of Koxkar (worn) {rElec rPois Str-2 SInv}
   (You acquired it on level 5 of the Dungeon)

   Str:       It affects your strength (-2).
   rElec:     It insulates you from electricity.
   rPois:     It protects you from poison.
   SInv:      It lets you see invisible.
 j - a +0 plate armour (worn)
 s - a +0 pair of boots (worn)
Jewellery
 b - a ring of protection from fire
 n - a +6 ring of strength (left hand)
 u - a +4 ring of slaying (right hand)
 D - a ring of fire
Wands
 k - a wand of flame (10)
 v - a wand of paralysis (12)
 C - a wand of iceblast (12)
Scrolls
 f - 6 scrolls of teleportation
 o - 2 scrolls of enchant armour
 p - 2 scrolls of blinking
 x - 2 scrolls of fog
 B - 2 scrolls of magic mapping
Potions
 e - 2 potions of mutation
 m - 5 potions of curing
 r - 2 potions of lignification
 t - 3 potions of brilliance
 w - a potion of resistance {unknown}
 z - a potion of heal wounds
 A - a potion of berserk rage {unknown}


   Skills:
 + Level 10.4 Fighting
 * Level 15.1 Axes
 + Level 9.6 Armour
 - Level 9.0 Shields
 + Level 10.5 Invocations


You had 11 spell levels left.
You didn't know any spells.
Your spell library contained the following spells:

 Spells                   Type           Power      Damage    Failure   Level
 Stone Arrow              Conj/Erth      0%         3d7       100%        3
 Flame Wave               Conj/Fire      0%         2d4       100%        4
 Hailstorm                Conj/Ice       0%         3d3       100%        4
 Leda's Liquefaction      Hex/Erth       0%         N/A       100%        4
 Summon Lightning Spire   Summ/Air       0%         N/A       100%        4
 Blade Hands              Tmut           0%         N/A       100%        5
 Fireball                 Conj/Fire      0%         3d3       100%        5
 Irradiate                Conj/Tmut      0%         3d11      100%        5
 Lee's Rapid Deconstruct  Erth           0%         3d5*      100%        5
 Statue Form              Tmut/Erth      0%         N/A       100%        6
 Dragon Form              Tmut           0%         N/A       100%        7
 Storm Form               Tmut/Air       0%         N/A       100%        7
 Maxwell's Capacitive Co  Air            0%         ∞         100%        8


Dungeon Overview and Level Annotations

Branches:
Dungeon (11/15)            Temple (0/1) D:4            Lair (0/5) D:8
    Orc: D:9-12

Altars:
Dithmenos
Elyvilon
Fedhas
Nemelex Xobeh
Qazlal
Ru
Trog
Vehumet
Xom

Shops:
D:7 !   D:8 ?

Annotations:
D:3 1 runed translucent door, 1 exclusion, Crazy Yiuf
D:11 Erolcha


Innate Abilities, Weirdness & Mutations

[You are very clumsy. (Dex -4)]
[Your body often deteriorates upon taking damage.]
[You are very frail. (-20% HP)]
[You do not regenerate when monsters are visible.]
[((You are often teleported next to monsters.))]
[You are very weak. (Str -4)]
[You occasionally lose the ability to drink potions when taking damage.]


Message History

The ufetubus hits you but does no damage. x2
You closely miss the wretched star.
The wretched star is lightly damaged.
You closely miss the ufetubus.
The ufetubus hits you but does no damage.
You block the ufetubus's attack.
The wretched star glows turbulently.
The lance of force hits you.
You are knocked back by the lance of force.
You collide with the ufetubus!
The ufetubus dies!
You take 5 damage, and have 80/85 hp.
You hit the wretched star but do no damage.
The wretched star is lightly damaged.
You closely miss the wretched star.
The wretched star is lightly damaged.
The wretched star pulses with an eldritch light!
You feel clumsy. x2
You barely miss the wretched star.
The wretched star glows turbulently.
The lance of force hits you!!
You are knocked back by the lance of force.
You slam into the crystal wall!
Your body deteriorates!
You feel weakened.
You take 42 damage, and have 38/85 hp.
MASSIVE DAMAGE!!
You hit the wretched star.
The wretched star is lightly damaged.
You slash the wretched star!
The wretched star is moderately damaged.
You hit the wretched star.
The wretched star is moderately damaged.
You closely miss the wretched star.
The wretched star is moderately damaged.
The wretched star glows turbulently.
The lance of force misses you.
The wretched star pulses with an eldritch light!
You feel weirdly uncertain.
You feel even more weirdly uncertain.
You hit the wretched star but do no damage.
The wretched star is moderately damaged.
You slash the wretched star!
The wretched star is moderately damaged.
You slash the wretched star!
The wretched star is heavily damaged.
The wretched star glows turbulently.
The lance of force hits you!!!
You feel threatened and lose the ability to drink potions!
* * * LOW HITPOINT WARNING * * *
You are knocked back by the lance of force.
You slam into the crystal wall!
You die...

#####
#...## #
#*.@#.##
#..#.#...##
## ##.....#
#.#..##
.###.# ..
.# .. .
.... ##
#....


You could see a wretched star.

Vanquished Creatures
  A spriggan zombie (Abyss:1)
  A two-headed ogre (D:10)
  A wretched star (Abyss:1)
  An anaconda zombie (Abyss:1)
  Pikel (D:5)
  A smoke demon (Abyss:1)
  2 kobold demonologists
  A yaktaur (shapeshifter) (Abyss:1)
  An ancient zyme (Abyss:1)
  3 trolls
  Sigmund (D:5)
  2 shadows
  A vampire (D:11)
  18 yaks
  5 wyverns
  A basilisk (D:8)
  7 vampire mosquitoes (D:10)
  Edmund (D:5)
  Duvessa (D:7)
  An acid dragon (D:10)
  5 water moccasins
  3 orc warriors
  A sky beast (D:6)
  A large abomination (Abyss:1)
  4 ice beasts
  4 black bears
  3 small abominations (Abyss:1)
  3 ogres
  2 centaurs (D:9)
  A phantom (D:6)
  14 kobold brigands
  A bullfrog (D:9)
  Blork the orc (D:5)
  3 scorpions
  2 gnoll sergeants (D:6)
  12 wights
  Dowan (D:7)
  5 howler monkeys
  4 hounds
  6 orc priests
  2 jellies
  6 iguanas
  A gnoll bouda (D:8)
  An iron imp (Abyss:1)
  Terence (D:3)
  2 orc wizards (D:8)
  Robin (D:3)
  11 gnolls (D:6)
  12 adders
  2 shadow imps (D:7)
  A white imp (D:5)
  An ufetubus (Abyss:1)
  3 worms
  2 dart slugs
  30 orcs
  6 ball pythons
  11 endoplasms
  2 giant cockroaches
  12 goblins
  9 hobgoblins
  4 jackals (D:2)
  26 kobolds
  5 quokkas
  7 bats
  10 frilled lizards
  6 rats
301 creatures vanquished.

Vanquished Creatures (others)
  An ufetubus (Abyss:1)
  3 fungi
  17 plants
21 creatures vanquished.

Grand Total: 322 creatures vanquished

Notes
Turn   | Place    | Note
-------+----------+-------------------------------------------
     0 | D:1      | backslashecho the Hill Orc Fighter began the quest for the
                  | Orb.
     0 | D:1      | Reached XP level 1. HP: 19/19 MP: 1/1
    95 | D:1      | Reached skill level 3 in Axes
    95 | D:1      | Reached XP level 2. HP: 26/27 MP: 2/2
   258 | D:1      | Found a faded altar of an unknown god.
   278 | D:1      | Prayed at the altar of an unknown god.
   278 | D:1      | Became a worshipper of Elyvilon the Healer
   278 | D:1      | Reached * piety under Elyvilon
   682 | D:1      | Reached XP level 3. HP: 27/33 MP: 3/3
  1128 | D:2      | Reached ** piety under Elyvilon
  1235 | D:2      | Reached skill level 1 in Invocations
  1457 | D:2      | Reached XP level 4. HP: 40/40 MP: 4/4
  1574 | D:2      | Reached skill level 4 in Axes
  2323 | D:3      | Noticed Robin
  2328 | D:2      | Reached XP level 5. HP: 46/46 MP: 6/6
  2417 | D:3      | Found a bloodstained altar of Trog.
  2804 | D:3      | Reached *** piety under Elyvilon
  2813 | D:3      | Killed Robin
  3133 | D:3      | Found a runed translucent door.
  3134 | D:3      | Noticed Crazy Yiuf
  3268 | D:3      | Noticed Terence
  3277 | D:3      | Killed Terence
  3377 | D:3      | Reached skill level 5 in Axes
  3572 | D:3      | Found a shimmering altar of Xom.
  3999 | D:4      | Found a shadowy altar of Dithmenos.
  4000 | D:4      | Noticed an ice beast
  4074 | D:4      | Reached XP level 6. HP: 53/53 MP: 7/7
  4136 | D:4      | Killed an ice beast
  4555 | D:4      | Reached skill level 5 in Fighting
  4555 | D:4      | Reached skill level 6 in Axes
  4555 | D:4      | Reached XP level 7. HP: 61/61 MP: 9/9
  4884 | D:4      | Found a staircase to the Ecumenical Temple.
  5073 | D:5      | Entered Level 5 of the Dungeon
  5204 | D:5      | Noticed Blork the orc
  5216 | D:5      | Killed Blork the orc
  5297 | D:5      | Found a radiant altar of Vehumet.
  5332 | D:5      | Reached skill level 7 in Axes
  5332 | D:5      | Reached skill level 5 in Armour
  5332 | D:5      | Reached skill level 5 in Shields
  5332 | D:5      | Reached **** piety under Elyvilon
  5477 | D:5      | Noticed Pikel
  5490 | D:5      | Killed Pikel
  5491 | D:5      | Reached skill level 8 in Axes
  5491 | D:5      | Reached XP level 8. HP: 48/70 MP: 9/11
  5685 | D:5      | Found a blossoming altar of Fedhas.
  5895 | D:5      | Found a sacrificial altar of Ru.
  5924 | D:5      | Noticed Sigmund
  5935 | D:5      | Killed Sigmund
  5936 | D:5      | Reached skill level 5 in Invocations
  5941 | D:5      | Noticed Edmund
  5946 | D:5      | Killed Edmund
  6023 | D:5      | Reached skill level 9 in Axes
  6023 | D:5      | Reached XP level 9. HP: 31/78 MP: 13/13
  6468 | D:5      | Got the Atlas of Battling
  7304 | D:5      | Identified a scroll of acquirement
  7304 | D:5      | Acquired the +1 helmet of Koxkar {rElec rPois Str-2 SInv}
  7672 | D:6      | Reached skill level 10 in Axes
  8509 | D:7      | Identified the +7 dagger "Pesepr Cyulu" {holy, MP+9 Stlth+}
  8866 | D:7      | Reached XP level 10. HP: 86/86 MP: 15/15
  8897 | D:7      | Reached skill level 11 in Axes
  8899 | D:7      | Reached ***** piety under Elyvilon
  9055 | D:7      | Noticed Duvessa
  9055 | D:7      | Noticed Dowan
  9063 | D:7      | Killed Duvessa
  9077 | D:7      | Killed Dowan
  9128 | D:7      | Found Medekk's Distillery.
  9131 | D:7      | Bought a potion of heal wounds for 65 gold pieces
  9168 | D:7      | Found a white marble altar of Elyvilon.
  9685 | D:8      | Found Deylaloc's Magic Scroll Emporium.
  9814 | D:8      | Found a stormy altar of Qazlal.
  9851 | D:7      | Reached skill level 12 in Axes
 10402 | D:7      | Reached XP level 11. HP: 48/95 MP: 17/17
 10599 | D:8      | Found a staircase to the Lair.
 10706 | D:8      | Reached skill level 13 in Axes
 11610 | D:9      | Found a sparkling altar of Nemelex Xobeh.
 12731 | D:10     | Entered Level 10 of the Dungeon
 13045 | D:10     | Noticed a sea snake
 13299 | D:10     | Reached skill level 14 in Axes
 13580 | D:10     | Noticed a two-headed ogre
 13590 | D:10     | Killed a two-headed ogre
 13849 | D:11     | Reached ****** piety under Elyvilon
 13932 | D:11     | Noticed Erolcha
 13936 | D:11     | Reached skill level 10 in Invocations
 13944 | Abyss:1  | Cast into level 1 of the Abyss (Erolcha)
 13945 | Abyss:1  | Found a corrupted altar of Lugonu.
 14006 | Abyss:1  | Reached skill level 10 in Fighting
 14006 | Abyss:1  | Reached XP level 12. HP: 70/106 MP: 19/19
 14193 | Abyss:1  | Noticed a wretched star
 14213 | Abyss:1  | Killed a wretched star
 14220 | Abyss:1  | Noticed a green very ugly thing
 14220 | Abyss:1  | Noticed a green very ugly thing
 14220 | Abyss:1  | Noticed a green very ugly thing
 14491 | Abyss:1  | Reached skill level 15 in Axes
 14708 | Abyss:1  | Noticed a balrug
 14804 | Abyss:1  | Noticed a wretched star
 14818 | Abyss:1  | HP: 2/85 [wretched star/lance of force (36)]
 14818 | Abyss:1  | Collided with a crystal wall

Illustrated notes

Levels and vault maps discovered:
D:1:      lemuel_arrival_river_bridge, layout_basic,
          shapermc_ecumenical_altar_ellora, minmay_lizard_pond
D:2:      layout_basic
D:3:      layout_loops_corners, mainiacjoe_overflow_chevrons,
          lemuel_coloured_pillars_altar, uniq_terence, uniq_crazy_yiuf_cottage,
          uniq_robin
D:4:      layout_basic, mainiacjoe_overflow_catwalk,
          minmay_temple_entry_offerings
D:5:      layout_basic, lemuel_doored_altar, lemuel_crystal_altar,
          overflow_temple_1_default, sigmund_edmund_badplayer,
          uniq_blork_the_orc, uniq_edmund, uniq_pikel
D:6:      layout_loops_corners
D:7:      layout_basic, mainiacjoe_overflow_alcove_2, serial_shops,
          nicolae_shop_window_shopping, uniq_duvessa
D:8:      layout_basic, mainiacjoe_overflow_tiny_flanked,
          minmay_lair_entry_grove, chequers_serial_rivers_micro_c,
          abandoned_shop, nicolae_stop_n_shop_2, dreamdust_gnoll_shepherd
D:9:      layout_basic, mainiacjoe_overflow_concentric_impassable, special_room
          [special_room_kobold]
D:10:     layout_loops_ring, serial_aquarium, aquarium_bridge_straight
          [aquarium_subvault_bridge, aquarium_subvault_wall,
          aquarium_subvault_bridge, aquarium_subvault_balcony],
          aquarium_bridge_straight [aquarium_subvault_bridge,
          aquarium_subvault_balcony, aquarium_subvault_bridge,
          aquarium_subvault_wall], aquarium_window_2, aquarium_window_1,
          aquarium_window_3, aquarium_window_1, aquarium_view_2c,
          aquarium_view_2e, aquarium_pool_double
D:11:     layout_basic, ebering_ghost_disaster_area, uniq_fannar, uniq_erolcha
Abyss:1:  base: D:7, bh_abyss_exit_grid

Skill      XL: |  1  2  3  4  5  6  7  8  9 10 11 12 |
---------------+-------------------------------------+-----
Axes           | 3 4 5 6 8 9 10 12 14 15 | 15.1
Fighting       | 4 5 6 7 8 10 | 10.4
Invocations    | 1 2 3 4 5 6 8 10 | 10.5
Armour         | 4 5 6 7 8 9 |  9.6
Shields        | 4 5 6 7 8 9 |  9.0

Action                   |  1- 3 |  4- 6 |  7- 9 | 10-12 || total
-------------------------+-------+-------+-------+-------++-------
Melee: War axe           |   115 |   170 |   298 |   466 ||  1049
Throw: Dart              |       |       |       |     6 ||     6
Invok: Heal Self         |       |       |     1 |     4 ||     5
       Heal Other        |       |       |     1 |       ||     1
       Purification      |       |       |       |     2 ||     2
Evoke: Wand              |       |       |       |     1 ||     1
  Use: Scroll            |       |     8 |     4 |     7 ||    19
       Potion            |       |       |     2 |     6 ||     8
Armor: Scale mail        |    53 |    49 |       |       ||   102
       Plate armour      |       |    47 |   161 |   254 ||   462
Dodge: Dodged            |    54 |    56 |    87 |   123 ||   320
Block: Buckler           |    25 |    32 |    46 |   104 ||   207
